 Dungeon Crawl Stone Soup version 0.16.1-7-g2c6721e (webtiles) character file.

507 Chiseanne the Skirmisher (level 6, -2/55 HPs)
             Began as a Demonspawn Monk on Mar 29, 2015.
             Slain by an adder (3 damage)
             ... on level 5 of the Dungeon.
             The game lasted 00:19:57 (5493 turns).

Chiseanne the Skirmisher (Demonspawn Monk)          Turns: 5493, Time: 00:19:58

Health: -2/55      AC:  7    Str: 12    XL:     6   Next: 97%
Magic:  6/6        EV: 11    Int: 16    God:
Gold:   129        SH:  5    Dex: 17    Spells: 0 memorised, 5 levels left

rFire  . . .     SeeInvis .       - Unarmed
rCold  . . .     Clarity  .     e - +0 ring mail
rNeg   . . .     SustAb   .     f - +1 buckler
rPois  .         Gourm    .     r - +0 helmet
rElec  .         Spirit   .     (no cloak)
rCorr  .         Warding  .     (no gloves)
rMut   .         Stasis   .     z - +0 pair of boots
MR     .....                    (no amulet)
Stlth  +.........               (no ring)
                                (no ring)

@: brilliant, lethally poisoned (-2 -> -7), very slightly contaminated, heavily
drained, not resistant to hostile enchantments, very unstealthy
A: hooves 1, powered by pain 2, robust 1, placid magic 1
a: no special abilities


You were on level 5 of the Dungeon.
You were near starving.

You visited 1 branch of the dungeon, and saw 6 of its levels.

You collected 129 gold pieces.

Inventory:

Missiles
 a - 21 poisoned needles
 i - 19 bolts
 m - 33 sling bullets
 v - 56 arrows
 y - 13 tomahawks (quivered)
Armour
 e - a +0 ring mail (worn)
 f - a +1 buckler (worn)
 r - a +0 helmet (worn)
 z - a +0 pair of boots (worn)
Scrolls
 k - a scroll of enchant weapon
 p - a scroll of blinking
 s - a scroll of enchant armour
Potions
 d - a potion of flight
 q - a potion of cancellation
 t - a potion of restore abilities {unknown}
 w - 2 potions of heal wounds {unknown}
 A - a potion of agility {unknown}
 B - 2 potions of magic
Books
 x - a Necronomicon {highlevel, unknown}

   This book is beyond your current level of understanding.

   Spells                             Type                      Level
   a - Haunt                          Necromancy/Summoning         7
   b - Borgnjor's Revivification      Necromancy                   8
   c - Death's Door                   Charms/Necromancy            8
   d - Necromutation                  Transmutation/Necromancy     8
Comestibles
 b - 7 bread rations
 c - a royal jelly
 l - a slice of pizza


   Skills:
 * Level 4.8(2.7) Fighting
 * Level 3.2(1.2) Armour
 * Level 4.7(2.6) Dodging
 - Level 1.7(0.0) Stealth
 * Level 2.0(0.1) Shields
 - Level 3.6(1.6) Unarmed Combat


You had 5 spell levels left.
You didn't know any spells.

Dungeon Overview and Level Annotations

Branches:
Dungeon (6/15)
 Temple: D:4-7

Altars:
Dithmenos
Kikubaaqudgha
Nemelex Xobeh
Okawaru
Sif Muna
Vehumet

Annotations:
D:4 Pr0man's ghost, average GrFi


Innate Abilities, Weirdness & Mutations

You sometimes gain power by taking damage.
You have large cloven feet.
You are robust (+10% HP).
Your spells are a little easier to cast, but a little less powerful.


Message History

You closely miss the adder.
The adder is heavily wounded.
You feel sick. The rat bites you.
* * * LOW HITPOINT WARNING * * *
The adder barely misses you.
You closely miss the adder.
The adder is heavily wounded.
You block the adder's attack. The rat bites you but does no damage.
The adder closely misses you.
You barely miss the adder.
The adder is heavily wounded.
You block the rat's attack. The adder bites you.
* * * LOW HITPOINT WARNING * * *
You are more poisoned.
The adder poisons you! The rat bites you but does no damage.
You hit the adder but do no damage.
The adder is heavily wounded.
* * * LOW HITPOINT WARNING * * *
You feel sick. The adder bites you.
You die...

########
##..)##.#
#...!...+
#...##.#
##...##.##.##
#...........+
#....##.##.##
#.r..##.# #
#S@...>.+
#.......#
#....##.#
#....##.#
#......%.
##...##.
#...# .....
...


You could see an adder and a rat.

Vanquished Creatures
  A hippogriff (D:4)
  An ogre (D:4)
  An orc wizard (D:4)
  An iguana (D:4)
  A worker ant (D:3)
  Jessica (D:2)
  Robin (D:2)
  7 adders
  A worm (D:3)
  A giant gecko (D:2)
  An ooze (D:2)
  11 orcs
  2 ball pythons (D:3)
  10 bats
  4 giant cockroaches
  10 hobgoblins
  12 jackals
  4 quokkas
  2 giant newts
  19 goblins
  A jackal skeleton (D:4)
  8 kobolds
  8 rats
108 creatures vanquished.

Vanquished Creatures (others)
  A fungus (D:5)
  A plant (D:5)
  14 toadstools (D:5)
16 creatures vanquished.

Grand Total: 124 creatures vanquished

Notes
Turn   | Place    | Note
--------------------------------------------------------------
     0 | D:1      | Chiseanne, the Demonspawn Monk, began the quest for the Orb.
     0 | D:1      | Reached XP level 1. HP: 18/18 MP: 1/1
   193 | D:1      | Gained mutation: You sometimes gain a little power by taking damage. [demonic ancestry]
   193 | D:1      | Reached XP level 2. HP: 22/24 MP: 2/2
   712 | D:2      | Found a radiant altar of Vehumet.
   941 | D:2      | Found a shadowy altar of Dithmenos.
   959 | D:2      | Noticed Robin
   974 | D:2      | Reached XP level 3. HP: 29/29 MP: 3/3
   981 | D:2      | Killed Robin
  1002 | D:2      | Reached skill level 1 in Shields
  1226 | D:2      | Reached skill level 1 in Armour
  1401 | D:2      | Gained mutation: You sometimes gain power by taking damage. [demonic ancestry]
  1401 | D:2      | Reached XP level 4. HP: 22/37 MP: 4/4
  1607 | D:2      | Reached skill level 4 in Fighting
  1608 | D:2      | Gained mutation: You are robust (+10% HP). [potion of mutation]
  1608 | D:2      | Gained mutation: Your spells are a little easier to cast, but a little less powerful. [potion of mutation]
  1608 | D:2      | Gained mutation: You have large cloven feet. [potion of mutation]
  1619 | D:2      | HP: 2/40 [poisoned by an adder]
  1627 | D:2      | HP: 1/40 [poisoned by an adder]
  2282 | D:2      | Noticed Jessica
  2289 | D:2      | Killed Jessica
  2754 | D:3      | Reached XP level 5. HP: 42/46 MP: 5/5
  2960 | D:3      | Found a deep blue altar of Sif Muna.
  3062 | D:3      | Found an iron altar of Okawaru.
  3473 | D:3      | Found a sparkling altar of Nemelex Xobeh.
  3747 | D:4      | Noticed an ogre
  3747 | D:4      | Noticed a hippogriff
  3750 | D:4      | Noticed Pr0man's ghost (average GrFi)
  4258 | D:4      | Killed a hippogriff
  4258 | D:4      | Reached XP level 6. HP: 50/53 MP: 6/6
  4264 | D:4      | Killed an ogre
  4578 | D:5      | Entered Level 5 of the Dungeon
  4683 | D:5      | Noticed a water moccasin
  4691 | D:4      | Found an ancient bone altar of Kikubaaqudgha.
  5492 | D:5      | HP: 2/55 [adder (4)]
  5493 | D:5      | Slain by an adder

Action                   |  1- 3 |  4- 6 || total
-------------------------+-------+-------++-------
Melee: Unarmed           |   201 |   455 ||   656
  Use: Scroll            |     1 |    12 ||    13
       Potion            |       |     7 ||     7
 Stab: Sleeping          |       |     1 ||     1
  Eat: Chunk             |     2 |    12 ||    14
